 Dungeon Crawl Stone Soup version 0.20.1-1-g8b1a95d (webtiles) character file.

249 Knicklaso the Slinger (level 6, 39/39 HPs)
             Began as a Halfling Hunter on July 20, 2017.
             Quit the game on level 3 of the Dungeon.
             The game lasted 00:11:14 (2563 turns).

Knicklaso the Slinger (Halfling Hunter)             Turns: 2563, Time: 00:11:15

Health: 39/39      AC:  3    Str: 13    XL:     6   Next: 35%
Magic:  6/6        EV: 14    Int: 11    God:
Gold:   133        SH:  0    Dex: 15    Spells: 5/5 levels left

rFire    . . .     SeeInvis .   a - +1 hunting sling
rCold    . . .     Gourm    .   (shield restricted)
rNeg     . . .     Faith    .   c - +0 leather armour
rPois    .         Spirit   .   (no helmet)
rElec    .         Reflect  .   (no cloak)
rCorr    .         Harm     .   (no gloves)
MR       .....                  (no boots)
Stlth    ++........             (no amulet)
Regen    0.2/turn               (no ring)
MPRegen  0.1/turn               (no ring)

@: no status effects
A: mutation resistance 1
a: no special abilities


You were on level 3 of the Dungeon.
You were not hungry.

You visited 1 branch of the dungeon, and saw 3 of its levels.

You collected 133 gold pieces.

Inventory:

Hand Weapons
 a - a +1 hunting sling (weapon)
 b - a +0 short sword
 g - a +2 short sword of speed
Missiles
 d - 24 sling bullets (quivered)
 l - 84 stones
Armour
 c - a +0 leather armour (worn)
 w - a +0 cloak
Scrolls
 e - 2 scrolls of random uselessness {unknown}
 h - 2 scrolls of magic mapping {unknown}
 j - 3 scrolls of teleportation {unknown}
 m - 2 scrolls of blinking {unknown}
 q - a scroll of identify {unknown}
 t - a scroll of remove curse {unknown}
 u - 2 scrolls of immolation {unknown}
Potions
 k - a potion of magic {unknown}
 n - a potion of lignification {unknown}
 o - 3 potions of flight {unknown}
 p - a potion of ambrosia {unknown}
 r - 2 potions of curing {unknown}
 v - a potion of heal wounds {unknown}
 x - a potion of invisibility {unknown}
Comestibles
 f - 3 bread rations
 i - 4 royal jellies
 s - 2 meat rations
 z - 3 chunks of flesh


   Skills:
 - Level 1.7 Fighting
 + Level 10.2 Slings
 - Level 2.1 Dodging
 - Level 1.1 Stealth


You had 5 spell levels left.
You didn't know any spells.

Dungeon Overview and Level Annotations

Branches:
Dungeon (3/15)

Altars:
Cheibriados
Okawaru


Innate Abilities, Weirdness & Mutations

You are small and have problems with some larger weapons.
You are somewhat resistant to further mutation.


Message History

No target in view!
You see here a worm corpse.
You butcher the worm corpse.
z - 3 chunks of flesh
l - 66 stones (gained 2)
Things that are here:
a dagger; a kobold corpse
l - 67 stones (gained 1) Wield which item (- for none, * to show all)? (? for menu, Esc to quit)
You are already wielding that!
Wield which item (- for none, * to show all)? (? for menu, Esc to quit)
a - a +1 hunting sling (weapon)
Things that are here:
a dagger; a kobold corpse
Found an iron altar of Okawaru.
l - 84 stones (gained 17)
Found a hunting sling.
You start resting.
HP restored.
Are you sure you want to abandon this character and quit the game? (Confirm with "yes".)

#.#.#.)........
#<#.#.#####.###
#(#.#.# ...
#.#.#.######### ####
##########'#..<......#
#...#
...........)########.#
#...#
............'......
#...#
............######.
###...# .......@....#
......# ............#
......# )...........#
......# ............#
###...# ............#
# #...# .........._.#
###...# #############
..+...# ###...#


There were no monsters in sight!

Vanquished Creatures
  2 orc priests (D:3)
  Natasha (thrice) (D:3)
  A worker ant zombie (D:3)
  2 adders (D:3)
  5 worms
  3 leopard geckos
  8 orcs (D:3)
  9 bats
  4 goblins
  2 hobgoblins (D:2)
  9 jackals
  A quokka (D:2)
  3 frilled lizards (D:2)
  8 kobolds
  11 rats
71 creatures vanquished.

Notes
Turn   | Place    | Note
-------+----------+-------------------------------------------
     0 | D:1      | Knicklaso the Halfling Hunter began the quest for the Orb.
     0 | D:1      | Reached XP level 1. HP: 14/14 MP: 1/1
    68 | D:1      | Reached skill level 6 in Slings
    84 | D:1      | Reached XP level 2. HP: 16/19 MP: 2/2
   745 | D:2      | Reached skill level 7 in Slings
   745 | D:2      | Reached XP level 3. HP: 24/24 MP: 3/3
  1462 | D:3      | Noticed Natasha
  1464 | D:3      | Killed Natasha
  1464 | D:3      | Reached skill level 8 in Slings
  1464 | D:3      | Reached XP level 4. HP: 29/29 MP: 4/4
  1477 | D:3      | Reached XP level 5. HP: 34/34 MP: 5/5
  1634 | D:3      | Found a snail-covered altar of Cheibriados.
  1654 | D:3      | Noticed Natasha
  1670 | D:3      | Killed Natasha
  1670 | D:3      | Reached skill level 9 in Slings
  1675 | D:3      | Noticed Natasha
  1687 | D:3      | Killed Natasha
  1846 | D:3      | Reached XP level 6. HP: 11/39 MP: 6/6
  2212 | D:3      | Reached skill level 10 in Slings
  2484 | D:3      | Found an iron altar of Okawaru.
  2563 | D:3      | Quit the game

Skill      XL: |  1  2  3  4  5  6 |
---------------+-------------------+-----
Slings         | 6 7 8 9 10 | 10.2
Fighting       | |  1.7
Dodging        | |  2.1
Stealth        | |  1.1

Action                   |  1- 3 |  4- 6 || total
-------------------------+-------+-------++-------
Melee: Short sword       |    13 |    93 ||   106
 Fire: Hunting sling     |    95 |    49 ||   144
 Stab: Sleeping          |       |     1 ||     1
  Eat: Chunk             |     1 |     4 ||     5
Armor: Leather armour    |     9 |    16 ||    25
Dodge: Dodged            |    24 |    44 ||    68
